 Dungeon Crawl Stone Soup version 0.30-a0-219-gf2db51d15e (webtiles) character file.

Game seed: 774676627985820633

43 berneep the Cudgeller (level 3, -5/33 HPs)
             Began as a Minotaur Berserker on Oct 6, 2022.
             Was a Follower of Trog.
             Slain by Ijyb
             ... wielding a +0 dagger
              (6 damage)
             ... on level 3 of the Dungeon.
             The game lasted 00:13:19 (1188 turns).

berneep the Cudgeller (Minotaur Berserker)          Turns: 1188, Time: 00:13:21

Health: -5/33      AC:  0    Str: 23      XL:     3   Next: 37%
Magic:  2/2        EV: 19    Int:  3 (4)  God:    Trog [*.....]
Gold:   111        SH:  0    Dex: 13 (14) Spells: 2/2 levels left

rFire   . . .      SeeInvis .    (weapon currently unavailable)
rCold   . . .      Faith    .    (shield currently unavailable)
rNeg    . . .      Spirit   .    (body armour currently unavailable)
rPois   .          Reflect  .    (helmet currently unavailable)
rElec   .          Harm     .    (cloak currently unavailable)
rCorr   .          Rampage  .    (gloves currently unavailable)
Will    .....                    (boots currently unavailable)
Stlth   +.........               (no amulet)
HPRegen 0.25/turn                (ring currently unavailable)
MPRegen 0.08/turn                (ring currently unavailable)

@: confused, bat-form, flying, very quick
A: fast, flying, no casting, tiny, (horns 2), (retaliatory headbutt)
a: Renounce Religion, Berserk


You were on level 3 of the Dungeon.
You worshipped Trog.
Trog was aware of your devotion.
You were a bat.
You visited 1 branch of the dungeon, and saw 3 of its levels.

You collected 111 gold pieces.

Inventory:

Hand Weapons
 a - a +0 mace (melded)
 c - a +0 trident
 j - a +0 hand axe
Missiles
 f - 17 stones (quivered)
 v - 3 large rocks
Armour
 b - a +0 animal skin
 d - a +0 scale mail (melded)
 e - a +0 leather armour
 n - the +2 ratskin cloak (melded) {*Rats rPois rN+ Str-1 Int-1 Dex+1}
   (You found it on level 2 of the Dungeon)

   When the wearer is hurt, rats may emerge from it to assist them.
   Str:       It affects your strength (-1).
   Int:       It affects your intelligence (-1).
   Dex:       It affects your dexterity (+1).
   rPois:     It protects you from poison.
   rN:        It protects you from negative energy.
 p - a +2 pair of gloves (melded)
Jewellery
 k - a ring of protection from cold (melded)
Wands
 i - a wand of charming (13)
 m - a wand of flame (17)
Scrolls
 g - a scroll of vulnerability {unknown}
 h - a scroll of blinking {unknown}
 l - 2 scrolls of teleportation {unknown}
 o - 2 scrolls of noise {unknown}
 q - a scroll of immolation {unknown}
 w - a scroll of identify {unknown}
Potions
 r - a potion of might {unknown}
 s - 3 potions of mutation {unknown}
 t - a potion of curing
 u - a potion of flight {unknown}


   Skills:
 + Level 4.2 Fighting
 + Level 4.5 Maces & Flails
 + Level 2.9 Armour
 + Level 2.5 Dodging


You had 2 spell levels left.
You didn't know any spells.
Your spell library contained the following spells:

 Spells                   Type           Power      Damage    Failure   Level
 Blink                    Tloc           0%         N/A       67%         2
 Momentum Strike          Conj/Tloc      0%         3d8       67%         2
 Static Discharge         Conj/Air       0%         2-2/arc   67%         2
 Lesser Beckoning         Tloc           0%         N/A       88%         3
 Vhi's Electric Charge    Tloc/Air       0%         N/A       88%         3
 Arcjolt                  Conj/Air       0%         1d10      100%        5
 Lightning Bolt           Conj/Air       0%         1d11      100%        5


Dungeon Overview and Level Annotations

Branches:
Dungeon (3/15)

Altars:

Annotations:
D:3 Ijyb


Innate Abilities, Weirdness & Mutations

You are a bat.
You are tiny and dextrous.
You move quickly.
You are flying.
Your equipment is almost entirely melded.
You are incapable of wielding weapons or throwing items.
You cannot cast spells.
((You have a pair of horns on your head.))
((You reflexively headbutt those who attack you in melee.))


Message History

The orc hits you from afar with a +0 trident.
You barely miss the orc priest. The orc hits you but does no damage.
A hobgoblin comes into view.
The orc wizard points at you and mumbles some strange words.
You are confused.
The orc wizard casts a spell at you.
The magic dart hits you but does no damage.
The orc hits you but does no damage.
An orc comes into view. It is wielding a +0 short sword.
Ijyb completely misses you.
An adder comes into view.
You miss the orc priest. Your headbutt misses the orc priest.
The orc misses you. The orc wizard casts a spell at you.
You resist with significant effort. The orc completely misses you.
The orc wizard hits you but does no damage.
Ijyb zaps a wand.
You turn into a bat.
Your +0 mace melds into your body.
The +2 ratskin cloak {*Rats rPois rN+ Str-1 Int-1 Dex+1} melds into your body.
Your +2 pair of gloves melds into your body.
Your +0 scale mail melds into your body.
Your ring of protection from cold melds into your body.
The orc priest invokes the aid of Beogh against you.
Pain shoots through your body! The orc misses you.
The orc priest barely misses you.
The orc hits you from afar with a +0 trident.
The orc hits you with a +0 falchion.
There is a stone staircase leading up, spattered with blood here.
You hit the orc but do no damage. The adder closely misses you.
The ball python completely misses you. The ball python closely misses you.
The orc hits you from afar with a +0 trident!
* * * LOW HITPOINT WARNING * * *
The orc hits you with a +0 falchion.
* * * LOW HITPOINT WARNING * * *
The orc misses you.
The orc wizard hits you with a +0 dagger.
* * * LOW HITPOINT WARNING * * *
The orc priest hits you with a +0 dagger.
* * * LOW HITPOINT WARNING * * *
Ijyb hits you with a +0 dagger.
You die...

.......... .
....)......
.........#.
...S......
##.......##
.......g..# ##.
.?......#o#.o..
#...goo......
#...SboJ?....
......ooS......
######..w......
#.........
#.......[.
#.........
#.$.......
##########


You could see Ijyb, an orc priest, 2 orc wizards, 2 adders, a dart slug, 4 orcs,
an endoplasm, a hobgoblin and a ball python.

Vanquished Creatures
  An adder (D:2)
  2 adder skeletons (D:2)
  An orc (D:3)
  A bat (D:2)
  2 bat skeletons (D:2)
  A bat zombie (D:2)
  An endoplasm (D:2)
  A giant cockroach (D:2)
  3 goblins
  2 hobgoblins
  A kobold (D:1)
  2 quokkas (D:1)
  4 ball pythons
  A giant cockroach zombie (D:2)
  2 rats
25 creatures vanquished.

Notes
Turn   | Place    | Note
-------+----------+-------------------------------------------
     0 | D:1      | berneep the Minotaur Berserker began the quest for the Orb.
     0 | D:1      | Reached XP level 1. HP: 19/19 MP: 0/0
   245 | D:1      | Found a faded altar of an unknown god.
   313 | D:1      | Reached XP level 2. HP: 27/27 MP: 1/1
   632 | D:2      | Reached XP level 3. HP: 30/33 MP: 2/2
   654 | D:2      | Found the +2 ratskin cloak {*Rats rPois rN+ Str-1 Int-1
                  | Dex+1}
  1182 | D:3      | Noticed Ijyb
  1188 | D:3      | HP: 1/33 [orc priest/+0 dagger (3)]
  1188 | D:3      | Slain by Ijyb

Illustrated notes

Levels and vault maps discovered:
D:1:      ncdulo_wetmaze, layout_rooms, chequers_ecumenical_altar_simple
D:2:      layout_loops_ring, serial_undead, serial_undead_f, serial_undead_f,
          serial_undead_a, serial_undead_c, serial_undead_b,
          kennysheep_generic_room_5
D:3:      layout_rooms, serial_shops, shop, uniq_ijyb, uniq_natasha,
          uniq_sigmund

Skill      XL: |  1  2 |
---------------+-------+-----
Maces & Flails | 4 |  4.5
Fighting       | 4 |  4.2
Armour         | |  2.9
Dodging        | |  2.5

Action                   || total
-------------------------++-------
Melee: Mace              ||    56
       Headbutt          ||     6
       Unarmed           ||     1
  Use: Potion            ||     4
Armor: Scale mail        ||    28
Dodge: Dodged            ||    42

Table legend: (Time is in decaauts)
 A = Elapsed time spent in this place.
 B = Non-inter-level travel time spent in this place.
 C = Inter-level travel time spent in this place.
 D = Time resting spent in this place.
 E = Time spent auto-exploring this place.
 F = Levels seen in this place.
 G = Mean time per level.
                   A        B        C        D        E       F      G
               +--------+--------+--------+--------+--------+-----+--------+
         Total |   1206 |   1156 |     50 |     14 |    548 |   3 |  402.0 |
       Dungeon |   1206 |   1156 |     50 |     14 |    548 |   3 |  402.0 |
               +--------+--------+--------+--------+--------+-----+--------+

Top non-repeatable levels by time:
     D:2: 699 daAuts
     D:1: 500 daAuts
     D:3: 6 daAuts
